 Dungeon Crawl Stone Soup version 0.27.0-1-g7a089689b8 (webtiles) character file.

Game seed: 10737525930798077055

21168 thirtiethelement the Cruncher (level 12, -1/94 HPs)
             Began as a Demonspawn Abyssal Knight on Aug 9, 2021.
             Was a High Priest of Lugonu.
             Slain by a vault guard (17 damage)
             ... on level 13 of the Dungeon.
             The game lasted 00:35:25 (14012 turns).

thirtiethelement the Cruncher (DsAK)               Turns: 14012, Time: 00:35:29

Health: -1/94      AC: 21    Str: 23    XL:     12   Next: 51%
Magic:  13/13      EV: 13    Int: 18    God:    Lugonu [*****.]
Gold:   820        SH:  0    Dex: 11    Spells: 11/11 levels left

rFire    . . .     SeeInvis .   e - +6 quarterstaff (spect)
rCold    . . .     Faith    .   (shield currently unavailable)
rNeg     + . .     Spirit   .   y - +1 acid dragon scales
rPois    .         Reflect  .   m - +0 hat
rElec    .         Harm     .   o - +2 cloak
rCorr    +         Rampage  .   h - +2 pair of gloves
Will     .....                  i - +2 pair of boots
Stlth    ++++......             k - amulet of magic regeneration
HPRegen  0.25/turn              P - +6 ring of strength
MPRegen  0.38/turn              l - ring "Louxtadgh" {rN+ Int+4}

@: studying Spellcasting
A: antennae 1, slimy green scales 2, spiny 1, demonic magic 1, clumsy 1
a: Renounce Religion, Depart the Abyss, Bend Space, Banish, Corrupt, Enter the
Abyss


You were on level 13 of the Dungeon.
You worshipped Lugonu.
Lugonu was extremely pleased with you.
You visited 1 branch of the dungeon, and saw 13 of its levels.
You visited the Abyss 1 time.
You also visited: Sewer.

You collected 1090 gold pieces.
You spent 270 gold pieces at shops.

Inventory:

Hand Weapons
 a - a +1 falchion of flaming
 e - a +6 spectral quarterstaff (weapon)
 p - a +4 quarterstaff of chaos
 x - the +5 dagger "Neifem" {vorpal, rElec}
   (You found it on level 5 of the Dungeon)

   It inflicts extra damage upon your enemies.
   rElec:     It insulates you from electricity.
 M - the +3 hand axe of Wondrous Power {protect, rC+}
   (You found it on level 9 of the Dungeon)

   It grants its wielder temporary protection when it strikes (+7 to AC).
   rC:        It protects you from cold.
Missiles
 q - 5 boomerangs (quivered)
Armour
 b - a +0 leather armour
 h - a +2 pair of gloves (worn)
 i - a +2 pair of boots (worn)
 m - a +0 hat (worn)
 o - a +2 cloak (worn)
 w - the +1 scale mail of Xevogunn {rC++ Int-4 Dex+3}
   (You bought it in a shop on level 6 of the Dungeon)

   Int:       It affects your intelligence (-4).
   Dex:       It affects your dexterity (+3).
   rC:        It greatly protects you from cold.
 y - +1 acid dragon scales (worn)
 T - the +1 leather armour of Dramatic Exits {Slay+5}
   (You found it on level 12 of the Dungeon)

   Slay:      It affects your accuracy & damage with ranged weapons and melee
   (+5).
Magical Staves
 B - a staff of cold
 D - a staff of earth
 Q - a staff of death
Jewellery
 k - an amulet of magic regeneration (around neck)
 l - the ring "Louxtadgh" (right hand) {rN+ Int+4}
   (You acquired it on level 5 of the Dungeon)

   [ring of positive energy]

   Int:       It affects your intelligence (+4).
   rN:        It protects you from negative energy.
 n - a ring of magical power
 P - a +6 ring of strength (left hand)
Wands
 r - a wand of polymorph (5)
 A - a wand of iceblast (3)
 J - a wand of charming (9)
 O - a wand of flame (13)
Scrolls
 g - 9 scrolls of teleportation
 j - a scroll of magic mapping
 C - a scroll of amnesia
 G - 2 scrolls of fog
 I - a scroll of fear
 N - 2 scrolls of brand weapon
 R - a scroll of identify
Potions
 c - 5 potions of heal wounds
 d - 10 potions of curing
 f - 2 potions of invisibility
 s - a potion of attraction
 t - 5 potions of flight
 u - 2 potions of lignification
 v - 2 potions of haste {unknown}
 z - a potion of degeneration {unknown}
 E - a potion of ambrosia
 H - 2 potions of resistance
 K - a potion of brilliance {unknown}
 L - 3 potions of magic {unknown}
 S - a potion of might {unknown}
Miscellaneous
 F - a condenser vane


   Skills:
 + Level 8.5 Fighting
 + Level 1.8 Long Blades
 + Level 12.1 Staves
 + Level 2.1 Throwing
 + Level 6.4 Armour
 + Level 6.8 Dodging
 + Level 9.6 Stealth
 + Level 2.5 Invocations
 + Level 1.5 Evocations


You had 11 spell levels left.
You didn't know any spells.
Your spell library contained the following spells:

 Spells                   Type           Power      Damage    Failure   Level
 Foxfire                  Conj/Fire      0%         2x1d4     26%         1
 Corpse Rot               Necr/Air       N/A        N/A       38%         2
 Poisonous Vapours        Pois/Air       0%         N/A       38%         2
 Conjure Flame            Conj/Fire      0%         6-21      63%         3
 Dazzling Flash           Conj/Hex       0%         N/A       63%         3
 Inner Flame              Hex/Fire       0%         N/A       63%         3
 Petrify                  Tmut/Erth      0%         N/A       95%         4
 Agony                    Necr           0%         N/A       100%        5
 Blade Hands              Tmut           0%         N/A       100%        5
 Freezing Cloud           Conj/Ice/Air   0%         6-21      100%        5
 Irradiate                Conj/Tmut      0%         3d14      100%        5
 Metabolic Englaciation   Hex/Ice        0%         N/A       100%        5
 Silence                  Hex/Air        0%         N/A       100%        5
 Simulacrum               Ice/Necr       0%         N/A       100%        6
 Statue Form              Tmut/Erth      0%         N/A       100%        6
 Dragon Form              Tmut           0%         N/A       100%        7
 Polar Vortex             Ice            0%         N/A       100%        9


Dungeon Overview and Level Annotations

Branches:
Dungeon (13/15)            Temple (0/1) D:5            Lair (0/6) D:8
    Orc (0/2) D:12         Vaults (0/5) D:13          Sewer (visited)

Altars:
Cheibriados
Dithmenos
Gozag
Kikubaaqudgha
Makhleb
Ru
Trog
Wu Jian
Xom
Zin

Shops:
D:6 [

Portals:
Trove: D:12 (give 13 potions of heal wounds)


Innate Abilities, Weirdness & Mutations

You have a pair of small antennae on your head.
You are mostly covered in slimy green scales. (AC +3)
You are partially covered in sharp spines.
Spells you cast may paralyse adjacent enemies.
You are clumsy. (Dex -2)


Message History

You sock the vault guard!
The vault guard is almost dead.
The vault guard hits you with a +0 dire flail!!
You hit the vault guard but do no damage.
The vault guard is almost dead.
The vault guard hits you with a +0 dire flail!
You barely miss the vault guard.
The vault guard is almost dead.
You sock the vault guard!
You kill the vault guard!
Lugonu accepts your kill.
Throw: 5 boomerangs
Press: ? - help, Q - select action, (/) - cycle Shift-Dir - straight line, f - vault guard
Aim: a vault guard, wielding a +0 great sword and wearing a +0 chain mail (58% to hit)
You throw a boomerang.
The boomerang barely misses the vault guard.
You hit the vault guard.
The vault guard is lightly wounded.
Your spectral +6 spectral quarterstaff closely misses the vault guard.
The vault guard hits you with a +0 great sword!
* * * LOW HITPOINT WARNING * * *
You hit the vault guard but do no damage.
The vault guard is lightly wounded.
Your spectral +6 spectral quarterstaff hits the vault guard!
The vault guard misses your spectral +6 spectral quarterstaff.
You hit the vault guard.
The vault guard is moderately wounded.
Your spectral +6 spectral quarterstaff barely misses the vault guard.
You hit the vault guard but do no damage.
The vault guard is moderately wounded.
Your spectral +6 spectral quarterstaff hits the vault guard!
The vault guard hits your spectral +6 spectral quarterstaff with a +0 great sword!
Your spectral weapon shares its damage with you!
* * * LOW HITPOINT WARNING * * *
Aiming: Charm
Press: ? - help, Shift-Dir - straight line, f/p - vault guard
Aim: a vault guard, wielding a +0 great sword and wearing a +0 chain mail (moderately wounded, chance to affect: 18%)
The vault guard resists with almost no effort.
The vault guard hits you with a +0 great sword!
You die...

##
##..p#######
...∩p.pp.p§##
##.
##.[.#####p.#
... ## #p.# #
... #@##.#
...
#.######....#
...
#.........###
...
##...#.##.#
... #.. #.#
.# ... #. #.#
.# ### # #.#
.# ..# #.# .#
..# #.# .#


You could see 3 vault guards.

Vanquished Creatures
  A vault guard (D:13)
  3 hydras
  A two-headed ogre (D:10)
  The ghost of ChodeyFoster420 the Severer, a novice MiBe of Trog (D:8)
  A fire crab (shapeshifter) (D:8)
  An orc knight (D:12)
  4 ugly things
  A gargoyle (D:8)
  An unseen horror (D:11)
  A kobold demonologist (D:7)
  A komodo dragon (D:11)
  2 guardian mummies (D:12)
  3 trolls
  Grinder (D:6)
  A shadow (D:9)
  9 yaks
  2 wyverns
  A basilisk (D:8)
  Grum (D:9)
  16 vampire mosquitoes
  2 steam dragons (D:8)
  2 acid dragons
  2 water moccasins
  4 orc warriors
  3 black bears
  2 ice beasts (D:7)
  A sky beast (D:5)
  4 boggarts (D:13)
  3 wolves (D:9)
  5 ogres
  4 centaurs
  A kobold brigand (D:8)
  3 bullfrogs
  2 gnoll sergeants
  4 scorpions
  A water moccasin zombie (D:5)
  3 wyvern skeletons
  A wyvern zombie (D:7)
  2 water moccasin skeletons
  11 killer bees
  10 wights (D:7)
  An electric eel (D:13)
  3 howler monkeys
  9 centaur zombies
  2 jellies (D:5)
  5 hounds
  A gnoll shaman (D:9)
  3 orc priests
  Crazy Yiuf (D:5)
  7 centaur skeletons
  A bullfrog skeleton (D:4)
  5 iguanas
  Natasha (twice) (D:4)
  A merfolk siren (Sewer)
  3 orc wizards
  A merfolk avatar (Sewer)
  A hound skeleton (D:5)
  A mummy (D:3)
  3 howler monkey zombies
  11 gnolls
  15 adders
  3 river rats (Sewer)
  4 shadow imps
  A white imp (D:6)
  An ufetubus (D:5)
  An adder skeleton (D:4)
  A worm (D:4)
  5 dart slugs
  15 orcs
  4 bats
  13 endoplasms
  7 giant cockroaches
  10 goblins
  9 hobgoblins
  2 jackals (D:4)
  14 quokkas
  13 ball pythons
  6 frilled lizards
  5 kobolds
  A quokka skeleton (D:4)
  23 rats
336 creatures vanquished.

Notes
Turn   | Place    | Note
-------+----------+-------------------------------------------
     0 | Abyss:1  | thirtiethelement the Demonspawn Abyssal Knight began the
                  | quest for the Orb.
     0 | Abyss:1  | Reached XP level 1. HP: 18/18 MP: 2/2
     8 | Abyss:2  | Found a bloodstained altar of Trog.
    56 | Abyss:3  | Found a corrupted altar of Lugonu.
    76 | Abyss:3  | Noticed a large abomination
    77 | Abyss:3  | Noticed an orange demon
    77 | Abyss:3  | Noticed a great orb of eyes
    77 | Abyss:3  | Noticed a raiju
    87 | Abyss:3  | Noticed a raiju
    89 | D:1      | Escaped the Abyss
   317 | D:1      | Gained mutation: You are partially covered in sharp spines.
                  | [demonic ancestry]
   317 | D:1      | Reached XP level 2. HP: 18/24 MP: 3/3
   585 | D:1      | Reached skill level 1 in Dodging
   625 | D:1      | Reached * piety under Lugonu
   784 | D:1      | Reached XP level 3. HP: 29/29 MP: 4/4
  1003 | D:2      | Found a faded altar of an unknown god.
  1177 | D:2      | Reached skill level 1 in Stealth
  1306 | D:2      | Reached skill level 1 in Staves
  1306 | D:2      | Reached XP level 4. HP: 37/37 MP: 5/5
  2047 | D:3      | Found a glowing drain.
  2056 | Sewer    | Entered a sewer
  2074 | Sewer    | Reached ** piety under Lugonu
  2162 | Sewer    | Reached skill level 2 in Staves
  2169 | Sewer    | Gained mutation: Spells you cast may paralyse adjacent
                  | enemies. [demonic ancestry]
  2169 | Sewer    | Reached XP level 5. HP: 35/42 MP: 6/6
  2270 | Sewer    | Reached *** piety under Lugonu
  2541 | Sewer    | Gained mutation: You are clumsy. (Dex -2) [potion of
                  | mutation]
  2541 | Sewer    | Gained mutation: You have a pair of small horns on your
                  | head. [potion of mutation]
  2978 | D:3      | Found a snail-covered altar of Cheibriados.
  3133 | D:4      | Noticed an ogre
  3138 | D:4      | Killed an ogre
  3139 | D:4      | Reached skill level 3 in Staves
  3139 | D:4      | Gained mutation: You are partially covered in slimy green
                  | scales. (AC +2) [demonic ancestry]
  3139 | D:4      | Reached XP level 6. HP: 48/48 MP: 7/7
  3194 | D:4      | Noticed Natasha
  3202 | D:4      | Killed Natasha
  3306 | D:4      | Reached skill level 4 in Staves
  3306 | D:4      | Reached XP level 7. HP: 54/54 MP: 8/8
  3407 | D:4      | Found a bloodstained altar of Trog.
  3518 | D:4      | Noticed Natasha
  3521 | D:4      | Killed Natasha
  3752 | D:4      | Reached **** piety under Lugonu
  3807 | D:5      | Entered Level 5 of the Dungeon
  3823 | D:5      | Found a staircase to the Ecumenical Temple.
  3941 | D:5      | Reached skill level 5 in Staves
  3973 | D:5      | Gained mutation: You are mostly covered in slimy green
                  | scales. (AC +3) [demonic ancestry]
  3973 | D:5      | Reached XP level 8. HP: 58/61 MP: 9/9
  4018 | D:5      | Identified the +5 dagger "Neifem" {vorpal, rElec}
  4334 | D:5      | Identified a scroll of acquirement
  4334 | D:5      | Acquired the ring "Louxtadgh" {rN+ Int+4}
  4364 | D:5      | Found a shadowy altar of Dithmenos.
  4437 | D:5      | Reached skill level 6 in Staves
  4521 | D:5      | Reached skill level 5 in Fighting
  4656 | D:5      | Found a runed translucent door.
  4657 | D:5      | Noticed Crazy Yiuf
  4672 | D:5      | Killed Crazy Yiuf
  4895 | D:6      | Reached skill level 5 in Stealth
  4946 | D:6      | Reached skill level 7 in Staves
  4946 | D:6      | Reached XP level 9. HP: 65/68 MP: 10/10
  5124 | D:6      | Noticed Grinder
  5127 | D:6      | Paralysed by Grinder for 5 turns
  5134 | D:6      | Killed Grinder
  5152 | D:6      | HP: 2/68 [acid (10)]
  5419 | D:7      | Found a sacrificial altar of Ru.
  5567 | D:6      | Found Garheq's Antique Armour Boutique.
  5575 | D:6      | Bought a pitted scale mail for 270 gold pieces
  5575 | D:6      | Identified the +1 scale mail of Xevogunn {rC++ Int-4 Dex+3}
                  | (You bought it in a shop on level 6 of the Dungeon)
  5688 | D:6      | Found an ornate altar of the Wu Jian Council.
  6144 | D:7      | Reached skill level 8 in Staves
  6227 | D:7      | Noticed a kobold demonologist
  6230 | D:7      | Noticed a red devil
  6474 | D:7      | Reached ***** piety under Lugonu
  6622 | D:7      | Reached XP level 10. HP: 76/76 MP: 11/11
  6767 | D:7      | Noticed a sun demon
  6771 | D:7      | Reached skill level 9 in Staves
  6992 | D:7      | Found a shimmering altar of Xom.
  7088 | D:8      | Found an ancient bone altar of Kikubaaqudgha.
  7230 | D:8      | Reached skill level 5 in Dodging
  7553 | D:8      | Found a staircase to the Lair.
  7810 | D:8      | Found a runed translucent gate.
  7811 | D:8      | Found a runed translucent gate.
  7811 | D:8      | Noticed ChodeyFoster420's ghost (novice MiBe)
  7812 | D:8      | Found a runed translucent gate.
  7815 | D:8      | Noticed a ten-headed hydra
  7833 | D:8      | Killed a ten-headed hydra
  7834 | D:8      | Reached skill level 10 in Staves
  7836 | D:8      | Killed ChodeyFoster420's ghost
  8228 | D:8      | Found a burning altar of Makhleb.
  8326 | D:8      | You fall into a shaft and drop 1 floor!
  8366 | D:9      | Identified the +3 hand axe of Wondrous Power {protect, rC+}
  8386 | D:9      | Noticed Grum
  8396 | D:9      | Killed Grum
  8397 | D:9      | Lost mutation: You have a pair of small horns on your head.
                  | [demonic ancestry]
  8397 | D:9      | Gained mutation: You have a pair of small antennae on your
                  | head. [demonic ancestry]
  8397 | D:9      | Reached XP level 11. HP: 72/83 MP: 12/12
  8399 | D:9      | Reached skill level 1 in Evocations
  8489 | D:9      | Reached skill level 1 in Throwing
  8695 | D:8      | Noticed a fire crab
  8705 | D:8      | Killed a fire crab
  8706 | D:8      | Reached skill level 5 in Armour
  9791 | D:9      | Found an opulent altar of Gozag.
  9904 | D:10     | Entered Level 10 of the Dungeon
 10393 | D:10     | Noticed a two-headed ogre
 10397 | D:10     | Killed a two-headed ogre
 11499 | D:11     | Noticed a white ugly thing
 11508 | D:11     | Killed a white ugly thing
 11509 | D:11     | Reached skill level 11 in Staves
 12283 | D:12     | Noticed a green ugly thing
 12291 | D:12     | Killed a green ugly thing
 12329 | D:12     | Found a staircase to the Orcish Mines.
 12329 | D:12     | Noticed an orc knight
 12341 | D:12     | Killed an orc knight
 12342 | D:12     | Reached XP level 12. HP: 65/92 MP: 13/13
 12749 | D:12     | Identified the +1 leather armour of Dramatic Exits {Slay+5}
 13093 | D:12     | Noticed a four-headed hydra
 13102 | D:12     | Killed a four-headed hydra
 13126 | D:12     | Found a portal to a secret trove of treasure.
 13752 | D:13     | Reached skill level 12 in Staves
 13811 | D:13     | Noticed a five-headed hydra
 13816 | D:13     | Killed a five-headed hydra
 13982 | D:13     | Found a gate to the Vaults.
 13982 | D:13     | Noticed a vault guard
 13982 | D:13     | Noticed a vault guard
 13982 | D:13     | Noticed a vault guard
 13983 | D:13     | Noticed a vault guard
 13983 | D:13     | Noticed a vault guard
 13983 | D:13     | Noticed a vault guard
 13983 | D:13     | Noticed a vault guard
 13983 | D:13     | Noticed a vault guard
 14004 | D:13     | Killed a vault guard
 14012 | D:13     | Slain by a vault guard

Illustrated notes

Levels and vault maps discovered:
D:1:      amcnicky_arrival_gap_in_the_tavern_cellar, layout_loops_ring
D:2:      layout_basic, shapermc_ecumenical_altar_totnotflames,
          amcnicky_mini_rare_corridor_liquid, st_stairs_7, minmay_hexomino_f4
D:3:      layout_rooms, chei_slow_surprise, gup_sewer_entry_pipe
D:4:      layout_basic, kennysheep_little_box, hangedman_decor_points,
          minmay_misc_feat_tiny, uniq_natasha
D:5:      minmay_diamond_boxcup, layout_basic, mainiacjoe_overflow_brackets,
          minmay_temple_entry_water_ring, uniq_crazy_yiuf_cottage
D:6:      minmay_chambers_of_fours, layout_gridville,
          nicolae_wu_jian_glorious_leap, serial_shops, nicolae_shop_waterfront,
          uniq_grinder
D:7:      cheibrodos_fzero, layout_cave_pods, mainiacjoe_overflow_alcove_1,
          nicolae_ru_great_annihilating_truth, lemuel_round_altar
D:8:      layout_basic, lemuel_coloured_pillars_altar,
          mainiacjoe_overflow_six_doors_small, david_lair_generic,
          gammafunk_ghost_hydra_chop, serial_co_window_serial,
          co_window_corner_a, co_window_paths_a, co_window_corner_a,
          co_window_corner_a, co_window_cross_1, co_window_paths_a,
          co_window_corner_a, co_window_corner_b, co_window_paths_c,
          co_window_of_opportunity_b, co_window_broadway_b, co_window_4corner_a,
          glass_columns_a, glass_columns_c, minmay_manual_mail
D:9:      layout_long_grid, grunt_gozag_statues, uniq_grum
D:10:     layout_layer_cave, minmay_quadrilaterals
D:11:     layout_grid_maze
D:12:     layout_stronghold, orc_david_3, nicolae_trove_entry_path_of_doom
D:13:     layout_basic, erik_vaults_2

Skill      XL: |  1  2  3  4  5  6  7  8  9 10 11 12 |
---------------+-------------------------------------+-----
Armour         | 2 3 4 6 |  6.4
Dodging        | 1 2 3 4 5 6 |  6.8
Stealth        | 1 2 3 5 6 7 8 9 |  9.6
Staves         | 1 2 3 4 5 7 8 10 11 12 | 12.1
Fighting       | 4 5 6 7 8 |  8.5
Evocations     | 1 |  1.5
Throwing       | 2 |  2.1
Long Blades    | |  1.8
Invocations    | |  2.5

Action                   |  1- 3 |  4- 6 |  7- 9 | 10-12 || total
-------------------------+-------+-------+-------+-------++-------
Melee: Quarterstaff      |    48 |    94 |   189 |   299 ||   630
       Headbutt          |       |     4 |    41 |    23 ||    68
Throw: Boomerang         |       |       |       |    13 ||    13
Invok: Depart the Abyss  |     1 |       |       |       ||     1
Evoke: Wand              |       |       |       |     6 ||     6
       Condenser vane    |       |       |       |     1 ||     1
  Use: Scroll            |     2 |     9 |     9 |    10 ||    30
       Potion            |       |     1 |     1 |     3 ||     5
 Stab: Sleeping          |     2 |     5 |    17 |    11 ||    35
       Distracted        |       |     1 |     3 |     4 ||     8
       Paralysed         |       |       |     1 |       ||     1
Armor: Leather armour    |    14 |    24 |    64 |       ||   102
       Acid dragon scale |       |       |    18 |   128 ||   146
Dodge: Dodged            |    23 |    32 |    99 |   163 ||   317
